 Dungeon Crawl Stone Soup version 0.31-a0-150-g89dc3ad700 (webtiles) character file.

Game seed: 628558718458567480

424 IdlyInterested the Trooper (level 6, 0/51 HPs)
             Began as a Demonspawn Gladiator on June 8, 2023.
             Slain by Dowan
             ... wielding a +0 dagger
              (1 damage)
             ... on level 5 of the Dungeon.
             The game lasted 00:07:29 (3127 turns).

IdlyInterested the Trooper (Demonspawn Gladiator)   Turns: 3127, Time: 00:07:30

Health: 0/51       AC:  9    Str: 15 (16) XL:     6   Next: 64%
Magic:  0/6        EV: 10    Int:  8 (10) God:
Gold:   195        SH:  0    Dex: 12 (14) Spells: 5/5 levels left

rFire   . . .        a - +0 war axe
rCold   . . .        (no shield)
rNeg    . . .        j - +0 scale mail
rPois   .            c - +0 helmet
rElec   .            y - +0 cloak
rCorr   .            (no gloves)
SInv    .            (no boots)
Will    +....        p - amulet of guardian spirit Stlth
                     o - ring of willpower
HPRegen 0.28/turn    (no ring)
MPRegen 0.10/turn

%: guardian spirit
@: no status effects
A: hooves 1
a: no special abilities


You were on level 5 of the Dungeon.
You visited 1 branch of the dungeon, and saw 5 of its levels.

You collected 195 gold pieces.

Inventory:

Hand Weapons
 a - a +0 war axe (weapon)
 u - a +0 antimagic rapier
Missiles
 d - 5 throwing nets (quivered)
 e - a javelin
 f - 28 stones
 r - 5 poisoned darts
Armour
 c - a +0 helmet (worn)
 j - a +0 scale mail (worn)
 k - a +0 robe of fire resistance
 y - a +0 cloak (worn)
Magical Staves
 g - a staff of poison
 A - a staff of fire
Jewellery
 o - a ring of willpower (left hand)
 p - an amulet of guardian spirit (around neck)
Scrolls
 i - a scroll of enchant armour {unknown}
 m - a scroll of teleportation
 q - a scroll of vulnerability
 t - a scroll of fear {unknown}
Potions
 b - a potion of heal wounds {unknown}
 h - a potion of haste {unknown}
 n - a potion of resistance
 z - a potion of brilliance


   Skills:
 * Level 5.1 Fighting
 + Level 4.1 Axes
 - Level 1.7 Throwing
 + Level 2.8 Armour
 - Level 2.6 Dodging
 - Level 1.0 Evocations


You had 5 spell levels left.
You didn't know any spells.
Your spell library contained the following spells:

 Spells                   Type           Power      Damage    Failure   Level
 Poisonous Vapours        Pois/Air       0%         N/A       94%         2
 Mephitic Cloud           Conj/Pois/Air  0%         N/A       99%         3
 Freezing Cloud           Conj/Ice/Air   0%         6-21      100%        5


Dungeon Overview and Level Annotations

Branches:
Dungeon (5/15)
 Temple: D:4-7

Altars:
Cheibriados
Dithmenos

Annotations:
D:5 Dowan


Innate Abilities, Weirdness & Mutations

You have large cloven feet.


Message History

You barely miss Duvessa.
Duvessa is almost dead.
Duvessa closely misses you.
You hit Duvessa.
Duvessa is almost dead.
You feel less invigorated.
You feel less confused.
Duvessa yells, "You can run, but you cannot escape us forever!"
Duvessa hits you with a +0 short sword!
* * * LOW HITPOINT WARNING * * *
You hit Duvessa but do no damage. You kick Duvessa, but do no damage.
Duvessa is almost dead.
Duvessa completely misses you. Duvessa hits you with a +0 short sword.
* * * LOW HITPOINT WARNING * * *
You slash Duvessa!
You kill Duvessa!
Dowan seems overcome with grief.
Dowan seems to find hidden reserves of power!
You feel your dexterity returning.
Your Fighting skill increases to level 5!
Your Axes skill increases to level 4!
Unknown command.
You barely miss Dowan. You kick Dowan.
Dowan is lightly wounded.
Dowan hits you with a +0 dagger.
* * * LOW HITPOINT WARNING * * *
Dowan hits you with a +0 dagger.
* * * LOW HITPOINT WARNING * * *
You barely miss Dowan. Your kick misses Dowan.
Dowan is lightly wounded.
Dowan casts a spell at you. The stone arrow hits you!
* * * LOW HITPOINT WARNING * * *
Dowan closely misses you.
You slash Dowan! You kick Dowan.
Dowan is heavily wounded.
Dowan hits you with a +0 dagger.
* * * LOW HITPOINT WARNING * * *
Dowan hits you with a +0 dagger.
You die...

.... ..........#.#.#
.....########.###.###.#.#
..........>.#.#.#...#.#.#
.. #<....#.#.#...#.#.#
#.####..#.#.....# #.#
#...........##..# #.#
#.......#.#.....# #.#
#..#.####.##.#.##.## #..
#...(e@.....#.# ... ###
#.#(####.####.####### #
.....r5............###
.....####.#...........##
... #.+...........## ..
#.#...........## J
#.#...........##
....#.....##'###
..........##.# #


You could see Dowan (fast).

Vanquished Creatures
  Eustachio (D:5)
  Duvessa (D:5)
  2 hounds
  A sleepcap (D:5)
  3 adders
  A worm (D:2)
  3 dart slugs
  2 orcs (D:4)
  7 endoplasms
  2 giant cockroaches
  9 hobgoblins
  3 jackals (D:2)
  7 kobolds
  4 quokkas
  6 ball pythons
  5 bats
  4 frilled lizards
  2 goblins (D:4)
  4 rats
67 creatures vanquished.

Notes
Turn   | Place    | Note
-------+----------+-------------------------------------------
     0 | D:1      | IdlyInterested the Demonspawn Gladiator began the quest for
                  | the Orb.
     0 | D:1      | Reached XP level 1. HP: 16/16 MP: 1/1
   227 | D:1      | Gained mutation: You have large cloven feet. [demonic
                  | ancestry]
   227 | D:1      | Reached XP level 2. HP: 19/22 MP: 2/2
   464 | D:1      | Reached skill level 1 in Armour
  1146 | D:2      | Reached XP level 3. HP: 28/28 MP: 3/3
  1179 | D:2      | Reached skill level 1 in Evocations
  1536 | D:2      | Found a faded altar of an unknown god.
  1847 | D:3      | Reached skill level 3 in Fighting
  2173 | D:4      | Reached XP level 4. HP: 35/35 MP: 4/4
  2630 | D:4      | Found a snail-covered altar of Cheibriados.
  2744 | D:4      | Found a shadowy altar of Dithmenos.
  2781 | D:5      | Entered Level 5 of the Dungeon
  2955 | D:5      | Reached XP level 5. HP: 30/42 MP: 3/5
  3021 | D:5      | Noticed Eustachio
  3031 | D:5      | Reached skill level 4 in Fighting
  3043 | D:5      | Killed Eustachio
  3044 | D:5      | Reached XP level 6. HP: 14/49 MP: 1/6
  3106 | D:5      | Noticed Duvessa
  3114 | D:5      | Noticed Dowan
  3124 | D:5      | Killed Duvessa
  3125 | D:5      | Reached skill level 5 in Fighting
  3126 | D:5      | HP: 1/51 [Dowan/stone arrow (6)]
  3127 | D:5      | Slain by Dowan

Illustrated notes

Levels and vault maps discovered:
D:1:      lemuel_arrival_rhombus, layout_basic, minmay_box_of_dots
D:2:      layout_basic, dreamdust_ecumenical_altar_hidden_monk_grotto
D:3:      layout_rooms
D:4:      layout_cave_pools, marbit_many_paths, kennysheep_mini_moat
D:5:      nicolae_cairo_tiling_large_dashed, layout_basic, fedhas_altar_1,
          minmay_temple_entry_offerings, serial_shops, shop, uniq_eustachio,
          uniq_duvessa

Skill      XL: |  1  2  3  4  5  6 |
---------------+-------------------+-----
Armour         | 1 2 |  2.8
Axes           | 3 4 |  4.1
Evocations     | 1 |  1.0
Fighting       | 3 4 5 |  5.1
Throwing       | |  1.7
Dodging        | |  2.6

Action                     |  1- 3 |  4- 6 || total
---------------------------+-------+-------++-------
  Melee: War axe           |   106 |    89 ||   195
         Punch             |     1 |     2 ||     3
         Kick              |    15 |    29 ||    44
  Throw: Dart              |       |     2 ||     2
         Throwing net      |       |     1 ||     1
    Use: Scroll            |     1 |     5 ||     6
         Potion            |       |     5 ||     5
   Stab: Sleeping          |     1 |       ||     1
 Armour: Leather armour    |    13 |       ||    13
         Scale mail        |    29 |    75 ||   104
  Dodge: Dodged            |    72 |    61 ||   133

Table legend: (Time is in decaauts)
 A = Elapsed time spent in this place.
 B = Non-inter-level travel time spent in this place.
 C = Inter-level travel time spent in this place.
 D = Time resting spent in this place.
 E = Time spent auto-exploring this place.
 F = Levels seen in this place.
 G = Mean time per level.
                   A        B        C        D        E       F      G
               +--------+--------+--------+--------+--------+-----+--------+
         Total |   3204 |   2846 |    358 |    315 |   1779 |   5 |  640.8 |
       Dungeon |   3204 |   2846 |    358 |    315 |   1779 |   5 |  640.8 |
               +--------+--------+--------+--------+--------+-----+--------+

Top non-repeatable levels by time:
     D:1: 1097 daAuts
     D:2: 724 daAuts
     D:4: 690 daAuts
     D:3: 384 daAuts
     D:5: 308 daAuts
